 Dungeon Crawl Stone Soup version 0.31.0-12-g77e489cdc1 (webtiles) character file.

Game seed: 7025626883044369289

119095 greatermn the Thaumaturge (level 16, -11/76 HPs)
             Began as a Deep Elf Conjurer on Feb 22, 2024.
             Was a High Priest of Sif Muna.
             Killed from afar by a will-o-the-wisp (28 damage)
             ... with a foxfire
             ... on level 1 of the Swamp on Feb 26, 2024.
             The game lasted 09:23:38 (29636 turns).

greatermn the Thaumaturge (Deep Elf Conjurer)      Turns: 29636, Time: 09:23:39

Health: -11/76     AC: 15    Str: 10    XL:     16   Next: 27%
Magic:  10/34      EV: 24    Int: 37    God:    Sif Muna [*****.]
Gold:   2652       SH:  0    Dex: 17    Spells: 3/40 levels left

rFire   . . .        j - +6 quarterstaff of Locus Delicti {freeze, rPois Str+4 Dex+4}
rCold   . . .        (shield currently unavailable)
rNeg    . . .        J - +5 robe "Erphejuor" {rElec Int+4 Slay-5 SInv Archmagi}
rPois   +            L - +0 helmet
rElec   +            f - +1 cloak of the Little Devil {Int+3}
rCorr   .            A - +1 pair of gloves
SInv    +            k - +1 pair of boots
Will    +....        t - amulet of Jutsuab {Acrobat rPois SInv}
Stlth   ++++         E - +5 ring of evasion
HPRegen 0.32/turn    i - ring of flight
MPRegen 0.24/turn

%: acrobat, archmagi
@: channelling, flying, hasted and slowed
A: no striking features
a: Renounce Religion, Channel Magic, Forget Spell, Divine Exegesis


You were on level 1 of the Swamp.
You worshipped Sif Muna.
Sif Muna was extremely pleased with you.
You visited 4 branches of the dungeon, and saw 23 of its levels.
You also visited: Gauntlet.

You collected 2889 gold pieces.
You spent 237 gold pieces at shops.

Inventory:

Hand Weapons
 j - the +6 quarterstaff of Locus Delicti (weapon) {freeze, rPois Str+4 Dex+4}
   (You found it on level 5 of the Dungeon)

   Str+4:     It affects your strength (+4).
   Dex+4:     It affects your dexterity (+4).
   rPois:     It protects you from poison
Armour
 f - the +1 cloak of the Little Devil (worn) {Int+3}
   (You bought it in a shop on level 6 of the Dungeon)

   Int+3:     It affects your intelligence (+3).
 k - a +1 pair of boots (worn)
 o - a scarf of repulsion
 x - an orb of light
 A - a +1 pair of gloves (worn)
 J - the +5 robe "Erphejuor" (worn) {rElec Int+4 Slay-5 SInv Archmagi}
   (You found it on level 3 of the Lair of Beasts)

   Int+4:     It affects your intelligence (+4).
   Slay-5:    It affects your accuracy & damage with ranged weapons and melee
   (-5).
   rElec:     It insulates you from electricity.
   SInv:      It lets you see invisible.
   Archmagi:  It increases the power of your magical spells.
 L - a +0 helmet (worn)
 T - a +0 buckler
 U - a +0 cloak of preservation
Magical Staves
 c - a staff of earth
 Y - a staff of cold
Jewellery
 i - a ring of flight (right hand)
 l - a ring of protection from fire
 n - a ring of protection from cold
 t - the amulet of Jutsuab (around neck) {Acrobat rPois SInv}
   (You acquired it on level 2 of the Dungeon)

   [amulet of the acrobat]

   Acrobat:   It increases your evasion while moving and waiting.
   rPois:     It protects you from poison SInv: It lets you see invisible.
 v - a ring of fire
 E - a +5 ring of evasion (left hand)
 H - a ring of ice
 P - a ring of resist corrosion
 W - a +6 ring of strength
Talismans
 a - a maw talisman
 y - a flux talisman
 B - a blade talisman
 N - a beast talisman
Wands
 b - a wand of iceblast (1)
 h - a wand of charming (18)
 D - a wand of light (3)
 I - a wand of flame (19)
 O - a wand of digging (7)
 Q - a wand of polymorph (13)
Scrolls
 e - 6 scrolls of immolation
 g - 7 scrolls of teleportation
 p - 10 scrolls of identify
 q - a scroll of fear
 r - 2 scrolls of silence
 z - a scroll of poison
 R - 2 scrolls of fog
Potions
 d - 2 potions of brilliance
 s - 3 potions of enlightenment
 w - 4 potions of might
 C - 2 potions of curing
 G - a potion of berserk rage
 K - 7 potions of ambrosia
 M - 3 potions of resistance
 S - a potion of haste
 V - 2 potions of lignification
Miscellaneous
 m - a condenser vane
 u - a sack of spiders
 X - a phial of floods
 Z - a lightning rod (inert)


   Skills:
 - Level 1.3 Short Blades
 - Level 1.2 Staves
 - Level 3.1 Ranged Weapons
 - Level 4.0 Armour
 * Level 11.6 Dodging
 + Level 9.2 Stealth
 * Level 2.6 Shields
 * Level 12.7 Spellcasting
 * Level 11.6 Conjurations
 + Level 9.3 Hexes
 * Level 7.0 Summonings
 * Level 9.7 Fire Magic
 * Level 3.3 Ice Magic
 * Level 8.9 Air Magic
 * Level 8.2 Earth Magic
 * Level 6.5 Alchemy
 * Level 9.8 Invocations
 * Level 9.7 Evocations
 + Level 6.4 Shapeshifting


You had 3 spell levels left.
You knew the following spells:

 Your Spells              Type           Power      Damage    Failure   Level
a - Magic Dart            Conj           100%       1d8       0%          1
b - Searing Ray           Conj           100%       2d8       1%          2
c - Lee's Rapid Deconstr  Erth           45%        3d22*     1%          5
d - Arcjolt               Conj/Air       49%        1d59      1%          5
e - Plasma Beam           Fire/Air       47%        2x1d62    5%          6
f - Airstrike             Air            47%        2d(7-23)  1%          4
g - Summon Lightning Spi  Summ/Air       89%        N/A       1%          4
h - Freezing Cloud        Conj/Ice/Air   44%        6-21      1%          5
i - Fireball              Conj/Fire      50%        3d20      1%          5

Your spell library contained the following spells:

 Spells                   Type           Power      Damage    Failure   Level
 Foxfire                  Conj/Fire      100%       2x1d9     1%          1
 Freeze                   Ice            100%       1d10      1%          1
 Kiss of Death            Conj/Necr      100%       2d13      1%          1
 Slow                     Hex            100%       N/A       1%          1
 Ensorcelled Hibernation  Hex/Ice        100%       N/A       1%          2
 Static Discharge         Conj/Air       100%       3-8/arc   1%          2
 Confusing Touch          Hex            95%        N/A       1%          3
 Dazzling Flash           Conj/Hex       100%       N/A       1%          3
 Frozen Ramparts          Ice            100%       1d16      1%          3
 Hailstorm                Conj/Ice       87%        3d14      1%          3
 Inner Flame              Hex/Fire       96%        N/A       1%          3
 Mephitic Cloud           Conj/Alch/Air  94%        N/A       1%          3
 Passwall                 Erth           91%        N/A       1%          3
 Sigil of Binding         Hex            95%        N/A       1%          3
 Stone Arrow              Conj/Erth      100%       3d13      1%          3
 Swiftness                Air            94%        N/A       1%          3
 Tukima's Dance           Hex            95%        N/A       1%          3
 Volatile Blastmotes      Fire/Tloc      100%       2d18      1%          3
 Lesser Beckoning         Tloc           70%        N/A       2%          2
 Gell's Gravitas          Tloc           35%        N/A       4%          3
 Teleport Other           Tloc           35%        N/A       4%          3
 Vampiric Draining        Necr           35%        2d8       4%          3
 Animate Armour           Summ/Erth      100%       N/A       1%          4
 Brom's Barrelling Bould  Conj/Erth      98%        2d11      1%          4
 Flame Wave               Conj/Fire      100%       2d21      1%          4
 Fulminant Prism          Conj/Alch      47%        3d21      1%          4
 Iskenderun's Mystic Bla  Conj/Tloc      79%        2d16      1%          4
 Leda's Liquefaction      Alch/Erth      43%        N/A       1%          4
 Sticky Flame             Fire/Alch      90%        2d14      1%          4
 Summon Blazeheart Golem  Fire/Summ      91%        N/A       1%          4
 Silence                  Hex/Air        47%        N/A       1%          5
 Dimensional Bullseye     Hex/Tloc       36%        N/A       2%          4
 Vhi's Electric Charge    Tloc/Air       100%       N/A       2%          4
 Conjure Ball Lightning   Conj/Air       49%        3x3d17    3%          6
 Bombard                  Conj/Erth      49%        9d8       4%          6
 Summon Forest            Summ/Tloc      32%        N/A       11%         5
 Dispel Undead            Necr           35%        3d15      16%         4
 Eringya's Noxious Bog    Alch           41%        4d6       17%         6
 Spellforged Servitor     Conj/Summ      47%        N/A       30%         7
 Curse of Agony           Necr           35%        N/A       41%         5
 Summon Hydra             Summ           42%        N/A       61%         7
 Lehudib's Crystal Spear  Conj/Erth      49%        10d12     88%         8
 Discord                  Hex            47%        N/A       93%         8
 Disjunction              Tloc           17%        N/A       100%        8


Dungeon Overview and Level Annotations

Branches:
Dungeon (15/15)            Temple (0/1) D:4            Lair (5/5) D:9
  Swamp (1/4) Lair:2       Spider (0/4) Lair:3        Slime (0/5) Lair:4
    Orc (2/2) D:11            Elf (0/3) Orc:2        Vaults (0/5) D:13
 Depths (0/4) D:15        Gauntlet (visited)

Altars:
Dithmenos
Elyvilon
Gozag
Kikubaaqudgha
Makhleb
Sif Muna
Uskayaw
Xom
Jiyva

Shops:
D:1 [   D:4 !   D:6 [   D:15 =   Orc:2 [*(=

Annotations:
D:4 3 runed translucent doors, hawla's ghost, amateur MiFi


Message History

The bolt of electricity hits the vampire mosquito!!
The vampire mosquito is destroyed!
Sif Muna accepts your kill.
A will-o-the-wisp comes into view.
A vampire mosquito comes into view.
The will-o-the-wisp gestures.
The will-o-the-wisp conjures some marshlight! 2 foxfires come into view.
Casting: Summon Lightning Spire (mildly dangerous; 1% risk of failure)
Confirm with . or Enter, or press ? or * to list all spells.
Aiming: Fireball (dangerous; 1% risk of failure)
Press: ? - help, Shift-Dir - straight line
Okay, then.
Aiming: Bolt of Light
Press: ? - help, Q - select action, (/) - cycle Shift-Dir - straight line, f - vampire mosquito
Aim: a vampire mosquito (ally target, 57% to hit)
Okay, then.
The vampire mosquito bites your lightning spire but does no damage. x2
Casting: Fireball (dangerous; 1% risk of failure)
Confirm with . or Enter, or press ? or * to list all spells.
Aiming: Fireball (dangerous; 1% risk of failure)
Press: ? - help, Shift-Dir - straight line
Okay, then.
Casting: Fireball (dangerous; 1% risk of failure)
Confirm with . or Enter, or press ? or * to list all spells.
Casting: Plasma Beam (dangerous; 5% risk of failure)
Press: ? - help, Dir - look around, f - activate You feel a surge of power!
The bolt of lightning hits the foxfire!!!
The foxfire is moderately damaged.
The bolt of lightning hits the will-o-the-wisp.
The will-o-the-wisp resists.
The will-o-the-wisp is lightly damaged.
The fiery plasma hits the foxfire.
The foxfire completely resists.
The foxfire is moderately damaged.
The fiery plasma misses the will-o-the-wisp.
The foxfire hits you!
* * * LOW HITPOINT WARNING * * *
The foxfire hits you!!
You die...

~.....♣..
......♣.♣ ♣
.y.....♣ .♣
♣..w~.♣ .♣
♣♣.~[~.♣..♣
♣♣♣.†~y~.♣.≈♣
♣~..~~~8...♣
♣~~~~†.@..♣
♣..~~~v♣~.♣
♣♣♣..§....♣
♣§§<~~..♣
♣v§§§~§~....♣
~~.~♣§.~~~~~.~.♣
~~.§§..~§~~~~~.♣
~~~~~..~~~~.~~.♣
~~~~...~~~~~~~.♣


You could see a tyrant leech, a will-o-the-wisp, 2 vampire mosquitoes and a
friendly lightning spire (summoned).

Vanquished Creatures
  Snorg (D:12)
  A green death (Gauntlet)
  Harold (D:11)
  The ghost of Asa the Metamorph, a journeyman DrSh (D:11)
  Fannar (Lair:2)
  Erolcha (D:9)
  7 centaur warriors
  8 hydras
  A spriggan air mage (Swamp:1)
  6 boulder beetles
  Erica (D:9)
  2 alligators (Swamp:1)
  3 two-headed ogres
  5 death yaks
  A catoblepas (Lair:5)
  A deep troll earth mage (D:15)
  3 orc high priests (Orc:2)
  2 tengu warriors
  The ghost of TheBioAlchemist the Poker, a novice NaWr (D:6)
  A skyshark (Lair:5)
  A skeletal warrior (D:14)
  A bog body (Lair:2)
  A swamp dragon (Swamp:1)
  An orc knight (D:15)
  8 ugly things
  A wolf spider zombie (D:14)
  3 orc sorcerers
  4 deep elf pyromancers
  3 cyclopes
  A meliai (Lair:4)
  6 manticores
  12 elephants
  4 centaur zombies (D:14)
  6 black mambas
  3 torpor snails
  14 cane toads
  6 komodo dragons
  A gargoyle (D:12)
  An unseen horror (D:12)
  An unseen horror (shapeshifter) (D:13)
  2 kobold demonologists (D:11)
  4 rime drakes
  2 freezing wraiths (D:15)
  Psyche (D:9)
  A tengu conjurer (D:15)
  3 hornets
  A bloated husk (Swamp:1)
  2 polar bears
  3 trolls
  7 blink frogs
  A tyrant leech (Swamp:1)
  A dream sheep (Lair:2)
  A raiju (shapeshifter) (D:13)
  12 slime creatures
  3 centaur simulacra
  A jumping spider (shapeshifter) (D:13)
  2 shadows
  2 wyverns
  2 vampires
  43 yaks
  Eustachio (D:4)
  4 wargs
  4 wraiths
  2 basilisks
  3 fire elementals (Lair:1)
  A redback (shapeshifter) (D:13)
  2 vampire mosquitoes
  3 acid dragons
  8 water moccasins
  12 orc warriors
  A black bear (Lair:2)
  A meliai simulacrum (Gauntlet)
  A laughing skull (D:15)
  2 sky beasts
  2 ice beasts (D:6)
  16 wolves
  4 ogres
  12 centaurs
  6 kobold brigands
  10 bullfrogs
  A cane toad simulacrum (Gauntlet)
  2 gnoll sergeants
  8 scorpions
  30 killer bees
  An electric eel (Lair:2)
  A bombardier beetle (D:5)
  A wyvern simulacrum (D:6)
  5 hounds
  A jelly (shapeshifter) (D:13)
  A jelly (Lair:4)
  2 gnoll boudas (D:7)
  32 orc priests
  A boggart zombie (D:14)
  A sleepcap (D:5)
  Natasha (thrice) (D:2)
  33 orc wizards
  A bullfrog simulacrum (D:6)
  Robin (D:4)
  21 gnolls
  7 adders
  2 shadow imps
  4 white imps
  2 ufetubi (D:5)
  A ribbon worm (Lair:3)
  A dart slug (D:3)
  52 orcs
  A bat (D:1)
  7 endoplasms
  2 giant cockroaches (D:1)
  15 goblins
  8 hobgoblins
  4 jackals (D:4)
  3 quokkas
  10 ball pythons
  4 frilled lizards
  29 kobolds
  7 rats
620 creatures vanquished.

Vanquished Creatures (collateral kills)
  Jorgrun (D:14)
  A dire elephant (Lair:5)
  A minotaur (Gauntlet)
  A fire dragon (D:13)
  3 hydras
  2 catoblepae
  3 centaur warriors
  4 boulder beetles
  A deep troll shaman (Lair:5)
  3 death yaks (Lair:2)
  2 orc high priests (Orc:2)
  Urug (D:12)
  Sonja (D:11)
  A skyshark (Lair:5)
  A goliath frog (Swamp:1)
  An arcanist (D:15)
  A bog body (Swamp:1)
  A lindwurm (Lair:4)
  An orc knight (Orc:1)
  A will-o-the-wisp (Swamp:1)
  A kobold blastminer (Orc:1)
  2 meliai (Lair:4)
  2 black mambas (Lair:5)
  6 elephants
  A gargoyle (D:12)
  A cane toad (Lair:5)
  A torpor snail (Lair:5)
  2 kobold demonologists (D:11)
  2 komodo dragons
  A rime drake (Lair:5)
  A tengu conjurer (Gauntlet)
  4 polar bears
  A queen bee (Lair:4)
  A troll (D:12)
  5 blink frogs
  4 dream sheep (Lair:5)
  3 slime creatures
  23 yaks
  A wraith (D:11)
  A warg (Orc:1)
  A basilisk (Lair:4)
  A steam dragon (D:10)
  2 vampire mosquitoes
  3 water moccasins
  An acid dragon (D:13)
  10 orc warriors
  2 black bears
  A laughing skull (D:15)
  2 ogres (Orc:1)
  2 kobold brigands (D:11)
  2 bullfrogs
  A scorpion (Lair:3)
  10 killer bees (Lair:4)
  4 jellies (Lair:4)
  7 orc priests
  6 orc wizards
  A ribbon worm (Lair:3)
  19 orcs
  A kobold (D:11)
170 creatures vanquished.

Vanquished Creatures (others)
  5 foxfires (Swamp:1)
  4 fulminant prisms
9 creatures vanquished.

Grand Total: 799 creatures vanquished

Notes
Turn   | Place    | Note
-------+----------+-------------------------------------------
     0 | D:1      | greatermn the Deep Elf Conjurer began the quest for the
                  | Orb.
     0 | D:1      | Reached XP level 1. HP: 10/10 MP: 6/6
   174 | D:1      | Reached XP level 2. HP: 15/15 MP: 4/8
   817 | D:1      | Found Litaamp's Antique Armour Emporium.
   927 | D:2      | Noticed Natasha
  1162 | D:2      | Reached XP level 3. HP: 19/19 MP: 6/10
  1282 | D:2      | Killed Natasha
  1283 | D:2      | Reached skill level 4 in Spellcasting
  1331 | D:2      | Learned a level 2 spell: Searing Ray
  1384 | D:2      | Noticed Natasha
  1388 | D:2      | Killed Natasha
  1389 | D:2      | Reached skill level 1 in Short Blades
  1389 | D:2      | Reached skill level 1 in Armour
  1389 | D:2      | Reached XP level 4. HP: 14/24 MP: 4/12
  1452 | D:2      | Reached skill level 5 in Conjurations
  1590 | D:2      | Found a shimmering blue altar of Sif Muna.
  1609 | D:2      | Became a worshipper of Sif Muna the Loreminder
  1737 | D:2      | Noticed Natasha
  1741 | D:2      | Killed Natasha
  1900 | D:2      | Identified a scroll of acquirement
  1900 | D:2      | Acquired the amulet of Jutsuab {Acrobat rPois SInv}
  2190 | D:3      | Reached XP level 5. HP: 28/28 MP: 5/13
  2623 | D:3      | Found a shadowy altar of Dithmenos.
  2887 | D:4      | Noticed hawla's ghost (amateur MiFi)
  2889 | D:4      | Found a runed translucent gate.
  2889 | D:4      | Found a runed translucent gate.
  2939 | D:4      | Reached skill level 1 in Invocations
  2980 | D:4      | Noticed a sky beast
  3049 | D:4      | Noticed Eustachio
  3061 | D:4      | Killed Eustachio
  3062 | D:4      | Reached skill level 1 in Evocations
  3062 | D:4      | Reached skill level 1 in Shapeshifting
  3062 | D:4      | Reached XP level 6. HP: 22/32 MP: 11/15
  3124 | D:4      | Learned a level 3 spell: Tukima's Dance
  3175 | D:4      | Found Gytteo's Distillery.
  3227 | D:4      | Reached * piety under Sif Muna
  3235 | D:4      | Killed a sky beast
  3236 | D:4      | Reached skill level 1 in Ranged Weapons
  3236 | D:4      | Reached skill level 5 in Spellcasting
  3243 | D:4      | Found a staircase to the Ecumenical Temple.
  3263 | D:4      | Found a hide-covered altar of Uskayaw.
  3309 | D:4      | Reached skill level 1 in Hexes
  3309 | D:4      | Noticed Robin
  3315 | D:4      | Killed Robin
  3371 | D:4      | Found a shimmering altar of Xom.
  3570 | D:4      | Found a runed translucent gate.
  3593 | D:4      | Found an opulent altar of Gozag.
  3918 | D:5      | Entered Level 5 of the Dungeon
  3965 | D:5      | Reached XP level 7. HP: 36/36 MP: 16/16
  4134 | D:5      | Identified the +6 quarterstaff of Locus Delicti {freeze,
                  | rPois Str+4 Dex+4}
  4144 | D:5      | Learned a level 5 spell: Arcjolt
  5273 | D:6      | Reached skill level 1 in Air Magic
  5477 | D:6      | Reached ** piety under Sif Muna
  5576 | D:6      | Found a runed translucent gate.
  5576 | D:6      | Found a runed translucent gate.
  5577 | D:6      | Found a runed translucent gate.
  5628 | D:6      | Learned a level 6 spell: Plasma Beam
  5645 | D:6      | Noticed TheBioAlchemist's ghost (novice NaWr)
  5653 | D:6      | Killed TheBioAlchemist's ghost
  5654 | D:6      | Reached skill level 5 in Dodging
  5654 | D:6      | Reached skill level 6 in Spellcasting
  5654 | D:6      | Reached skill level 1 in Fire Magic
  5654 | D:6      | Reached XP level 8. HP: 23/41 MP: 5/19
  6039 | D:6      | Found Yraylul's Antique Armour Shoppe.
  6051 | D:6      | Bought a bloodstained cloak for 237 gold pieces
  6051 | D:6      | Identified the +1 cloak of the Little Devil {Int+3} (You
                  | bought it in a shop on level 6 of the Dungeon)
  6069 | D:6      | You fall into a shaft and drop 1 floor!
  6251 | D:7      | Reached XP level 9. HP: 41/45 MP: 5/20
  6267 | D:7      | Noticed a troll
  6274 | D:7      | Killed a troll
  6673 | D:7      | Noticed a manticore
  6679 | D:7      | Killed a manticore
  6680 | D:7      | Reached skill level 5 in Stealth
  6777 | D:7      | Noticed a manticore
  6784 | D:7      | Killed a manticore
  6785 | D:7      | Reached skill level 1 in Staves
  6785 | D:7      | Reached skill level 7 in Spellcasting
  6785 | D:7      | Reached skill level 5 in Hexes
  6902 | D:7      | Reached *** piety under Sif Muna
  7129 | D:7      | Reached XP level 10. HP: 50/50 MP: 9/22
  7264 | D:7      | Learned a level 4 spell: Airstrike
  7713 | D:7      | Learned a level 5 spell: Lee's Rapid Deconstruction
  8505 | D:8      | Reached skill level 1 in Earth Magic
  8505 | D:8      | Reached skill level 5 in Invocations
  8521 | D:8      | Reached skill level 5 in Evocations
  8688 | D:8      | Paralysed by a hornet for 1 turns
  9267 | D:9      | Found a staircase to the Lair.
  9360 | D:9      | Noticed Psyche
  9364 | D:9      | Killed Psyche
  9489 | D:9      | Noticed Erolcha
  9500 | D:9      | Killed Erolcha
  9501 | D:9      | Reached skill level 8 in Spellcasting
  9705 | D:9      | Reached **** piety under Sif Muna
  9725 | D:9      | Reached XP level 11. HP: 50/54 MP: 11/25
  9947 | D:9      | Noticed Erica
  9957 | D:9      | Killed Erica
 10076 | D:9      | Reached skill level 5 in Fire Magic
 10244 | D:9      | Reached skill level 5 in Air Magic
 10407 | D:9      | Found a white marble altar of Elyvilon.
 10574 | D:10     | Entered Level 10 of the Dungeon
 11442 | D:11     | Noticed a boulder beetle
 11488 | D:11     | Noticed Harold
 11500 | D:11     | Killed Harold
 12037 | D:11     | Noticed a boulder beetle
 12094 | Lair:1   | Entered Level 1 of the Lair of Beasts
 12743 | Lair:1   | Reached skill level 9 in Spellcasting
 13182 | Lair:2   | Noticed a five-headed hydra
 13194 | Lair:2   | Reached XP level 12. HP: 58/59 MP: 20/27
 13569 | Lair:2   | Noticed a five-headed hydra
 13577 | Lair:2   | Killed a five-headed hydra
 13593 | Lair:2   | Reached skill level 5 in Earth Magic
 13707 | Lair:2   | Learned a level 4 spell: Summon Lightning Spire
 13711 | Lair:2   | Learned a level 3 spell: Mephitic Cloud
 13741 | Lair:2   | Killed a five-headed hydra
 13847 | Lair:2   | Noticed a six-headed hydra
 13873 | Lair:2   | Killed a six-headed hydra
 13874 | Lair:2   | Reached skill level 1 in Summonings
 14042 | Lair:2   | Reached skill level 1 in Alchemy
 14144 | Lair:2   | Noticed a boulder beetle
 14184 | Lair:2   | Killed a boulder beetle
 14302 | Lair:2   | Noticed a catoblepas
 14316 | Lair:2   | Killed a catoblepas
 14412 | Lair:2   | Noticed Fannar
 14423 | Lair:2   | Killed Fannar
 14585 | Lair:2   | Reached skill level 10 in Spellcasting
 14622 | Lair:2   | Found a staircase to the Swamp.
 14628 | Lair:2   | Reached ***** piety under Sif Muna
 14644 | Lair:2   | Noticed a death yak
 14644 | Lair:2   | Noticed a death yak
 14644 | Lair:2   | Noticed a death yak
 14644 | Lair:2   | Noticed a death yak
 14659 | Lair:2   | Reached XP level 13. HP: 63/63 MP: 15/29
 14675 | Lair:2   | Learned a level 4 spell: Fulminant Prism
 15302 | Lair:3   | Reached skill level 5 in Shapeshifting
 15855 | Lair:3   | Found a hole to the Spider Nest.
 16156 | Lair:3   | Identified the +5 robe "Erphejuor" {rElec Int+4 Slay-5 SInv
                  | Archmagi}
 16900 | Lair:4   | Found a staircase to the Slime Pits.
 16900 | Lair:4   | Found a viscous altar of Jiyva.
 16929 | Lair:4   | You are sucked into a shaft and drop 1 floor!
 16929 | Lair:5   | Entered Level 5 of the Lair of Beasts
 17124 | Lair:4   | Reached skill level 10 in Conjurations
 17658 | Lair:5   | Reached XP level 14. HP: 68/68 MP: 18/30
 17661 | Lair:5   | Reached skill level 11 in Spellcasting
 17685 | Lair:5   | Reached skill level 10 in Dodging
 18327 | Lair:5   | Received a gift from Sif Muna
 18328 | Lair:5   | Got Ythol's Omnibus of Exothermic Conflict {god gift}
 18476 | Lair:5   | Found a shimmering altar of Xom.
 18709 | Lair:5   | Learned a level 5 spell: Freezing Cloud
 18862 | Lair:5   | Reached skill level 5 in Summonings
 19131 | Lair:5   | Acquired 876 gold pieces
 19565 | D:11     | Found a staircase to the Orcish Mines.
 19575 | D:11     | Noticed Sonja
 19602 | D:11     | Killed Sonja
 19785 | D:11     | Reached skill level 5 in Alchemy
 20425 | D:11     | Found a runed translucent door.
 20426 | D:11     | Noticed Asa's ghost (journeyman DrSh)
 20438 | D:11     | Killed Asa's ghost
 20584 | D:11     | Learned a level 3 spell: Stone Arrow
 20585 | Orc:1    | Entered Level 1 of the Orcish Mines
 20585 | Orc:1    | Found a burning altar of Makhleb.
 21016 | Orc:2    | Entered Level 2 of the Orcish Mines
 21346 | Orc:2    | Reached XP level 15. HP: 38/72 MP: 16/32
 21445 | Orc:2    | Received a gift from Sif Muna
 21447 | Orc:2    | Got Sif Muna's Atlas of Energy and Fire {god gift}
 21616 | Orc:2    | Learned a level 5 spell: Fireball
 21736 | Orc:2    | Found Anest's Weapon Shop.
 21736 | Orc:2    | Found Capimic's Jewellery Shop.
 21742 | Orc:2    | Found Oprewobb's Armour Boutique.
 21743 | Orc:2    | Found Koriotat's General Store.
 21869 | Orc:2    | Found a staircase to the Elven Halls.
 22909 | D:12     | Reached skill level 12 in Spellcasting
 22964 | D:12     | Noticed Snorg
 22971 | D:12     | Killed Snorg
 23011 | D:12     | Found a gate leading to a gauntlet.
 23017 | D:12     | Noticed Urug
 23024 | D:12     | Killed Urug
 23156 | Gauntlet | Entered a Gauntlet
 23156 | Gauntlet | Found a transporter.
 23156 | Gauntlet | Found a transporter.
 23168 | Gauntlet | Found a transporter.
 23182 | Gauntlet | Found a transporter.
 23203 | Gauntlet | Found a transporter.
 23212 | Gauntlet | Found a transporter.
 23232 | Gauntlet | Found a transporter.
 23304 | Gauntlet | Found a transporter.
 23319 | Gauntlet | Found a transporter.
 23321 | Gauntlet | Found a large runed translucent door.
 23321 | Gauntlet | Found a large runed translucent door.
 23322 | Gauntlet | Found a large runed translucent door.
 23322 | Gauntlet | Found a large runed translucent door.
 23323 | Gauntlet | Found a large runed translucent door.
 23323 | Gauntlet | Found a runed translucent door.
 23323 | Gauntlet | Found a large runed translucent door.
 23323 | Gauntlet | Found a runed translucent door.
 23323 | Gauntlet | Found a large runed translucent door.
 23323 | Gauntlet | Found a large runed translucent door.
 23324 | Gauntlet | Found a large runed translucent door.
 23324 | Gauntlet | Found a large runed translucent door.
 23327 | Gauntlet | Found a large runed translucent door.
 23327 | Gauntlet | Found a large runed translucent door.
 23328 | Gauntlet | Found a large runed translucent door.
 23328 | Gauntlet | Found a large runed translucent door.
 23328 | Gauntlet | Found a large runed translucent door.
 23328 | Gauntlet | Found a large runed translucent door.
 23331 | Gauntlet | Found a runed translucent gate.
 23331 | Gauntlet | Found a runed translucent gate.
 23331 | Gauntlet | Found a runed translucent gate.
 23333 | Gauntlet | Found a transporter.
 23347 | Gauntlet | Found a transporter.
 23441 | Gauntlet | Found a transporter.
 23451 | Gauntlet | Found a transporter.
 23454 | Gauntlet | Found a transporter.
 23457 | Gauntlet | Found a transporter.
 23462 | Gauntlet | Found a transporter.
 24895 | D:13     | Reached skill level 1 in Ice Magic
 25193 | D:13     | Found a gate to the Vaults.
 26006 | D:13     | Reached skill level 1 in Shields
 26366 | D:14     | Noticed Jorgrun
 26375 | D:14     | Killed Jorgrun
 27118 | D:14     | Found an ancient bone altar of Kikubaaqudgha.
 27691 | D:15     | Entered Level 15 of the Dungeon
 28262 | D:15     | Reached XP level 16. HP: 76/76 MP: 22/34
 28984 | D:15     | Found a staircase to the Depths.
 29258 | D:15     | Found Naaddoad's Jewellery Emporium.
 29605 | Swamp:1  | Entered Level 1 of the Swamp
 29636 | Swamp:1  | Killed from afar by a will-o-the-wisp

Illustrated notes

Levels and vault maps discovered:
D:1:      minmay_arrival_split_and_join, layout_basic, serial_shops, shop,
          minmay_crystal_room
D:2:      layout_loops_cross, basic_altar, uniq_natasha
D:3:      layout_loops_ring, grunt_dithmenos_smoke_and_mirrors,
          minmay_fractal_squares_gapless_5
D:4:      layout_basic, lemuel_round_altar, nicolae_overflow_crystal_walls,
          mainiacjoe_overflow_small_starburst, minmay_temple_entry_proselytizer,
          gammafunk_ghost_split, serial_shops,
          nicolae_shop_tiny_real_fake_doors, uniq_robin, uniq_eustachio
D:5:      layout_loops_corners, minmay_hedge_maze, grunt_ministairs_1,
          lemuel_flame_loot_1
D:6:      layout_basic, serial_shops, nicolae_shop_window_shopping,
          gammafunk_ghost_icy
D:7:      layout_loops_ring, minmay_shattered_shrine
D:8:      minmay_skewed_foursquare, layout_basic, nicolae_twisty_statue_hallways
D:9:      layout_basic, nicolae_overflow_hidden_temple, lair_entry_dummy,
          uniq_erica, uniq_psyche, uniq_erolcha
D:10:     layout_rooms
D:11:     layout_loops_ring, erik_orc_4, ebering_ghost_reflecting_pool,
          uniq_harold, uniq_sonja
D:12:     minmay_recursive_quarters, layout_long_grid, gauntlet_entry_generic,
          uniq_urug, uniq_snorg
D:13:     layout_irregular_city, david_vaults_4
D:14:     layout_stronghold, serial_undead, serial_undead_b, serial_undead_b,
          serial_undead_b, serial_undead_a, nicolae_kikubaaqudgha_miasma_corner,
          uniq_jorgrun
D:15:     hellmonk_depths_entry_around_the_bend, layout_basic, serial_shops,
          nicolae_shop_window_shopping, nicolae_kite_square_tiling_tiny
Lair:1:   layout_gridlike, infiniplex_staircase_pool_2, serial_bayou_shore_b,
          grunt_megastairs_1, lemuel_fruit_tree
Lair:2:   nzn_winding_woodlands_stair_trap
          [nzn_winding_woodlands_5x15_sidewinder,
          nzn_winding_woodlands_5x15_sawtooth,
          nzn_winding_woodlands_5x15_concentric,
          nzn_winding_woodlands_15x15_thick_spiral,
          nzn_winding_woodlands_5x15_pockets,
          nzn_winding_woodlands_5x15_lazy_stream,
          nzn_winding_woodlands_5x15_longhouse], layout_small_grid,
          skrybe_swamp_entry_bodies, uniq_fannar
Lair:3:   layout_loops_ring, nicolae_spider_entry_non_spiders
Lair:4:   layout_misc_corridors, nicolae_slime_entry_field_trip, special_room
          [special_room_bee]
Lair:5:   grunt_lair_end_beastmaster, layout_big_grid, basic_altar,
          serial_bayou_shore_b
Swamp:1:  layout_basic_swamp, hangedman_swamp_cone, uniq_roxanne
Orc:1:    layout_caves, regret_index_minedec_devilstone, bloody_makhleb
Orc:2:    st_orc_mages, layout_caves

Skill      XL: |  1  2  3  4  5  6  7  8  9 10 11 12 13 14 15 16 |
---------------+-------------------------------------------------+-----
Spellcasting   | 4 5 6 7 8 9 10 11 12 | 12.7
Short Blades   | 1 |  1.3
Armour         | 1 2 3 4 |  4.0
Stealth        | 3 4 5 6 7 8 9 |  9.2
Conjurations   | 5 6 7 8 9 10 11 | 11.6
Dodging        | 3 5 6 7 8 9 10 11 | 11.6
Invocations    | 1 3 4 5 6 7 8 9 |  9.8
Evocations     | 1 2 3 4 5 6 7 8 9 |  9.7
Shapeshifting  | 1 2 3 4 5 6 |  6.4
Ranged Weapons | 1 2 3 |  3.1
Hexes          | 1 3 5 6 7 8 9 |  9.3
Air Magic      | 2 3 4 5 6 7 8 |  8.9
Fire Magic     | 1 2 3 4 6 7 8 9 |  9.7
Staves         | 1 |  1.2
Earth Magic    | 2 4 5 6 7 8 |  8.2
Summonings     | 2 4 5 6 7 |  7.0
Alchemy        | 1 3 5 6 |  6.5
Ice Magic      | 2 3 |  3.3
Shields        | 2 |  2.6

Action                     |  1- 3 |  4- 6 |  7- 9 | 10-12 | 13-15 | 16-18 || total
---------------------------+-------+-------+-------+-------+-------+-------++-------
  Melee: Short sword       |     6 |       |       |       |       |       ||     6
         Quarterstaff      |       |       |       |     6 |    40 |       ||    46
   Fire: Sling             |     2 |    61 |    28 |     3 |       |       ||    94
   Cast: Magic Dart        |    57 |    12 |     9 |     7 |    15 |       ||   100
         Searing Ray       |     1 |    24 |    67 |   184 |    95 |     4 ||   375
         Tukima's Dance    |       |       |       |     2 |       |       ||     2
         Airstrike         |       |       |       |    17 |    47 |     3 ||    67
         Arcjolt           |       |       |       |     6 |    81 |    13 ||   100
         Summon Lightning  |       |       |       |     6 |   107 |     7 ||   120
         Fulminant Prism   |       |       |       |       |     4 |       ||     4
         Freezing Cloud    |       |       |       |       |    59 |     1 ||    60
         Stone Arrow       |       |       |       |       |    18 |       ||    18
         Fireball          |       |       |       |       |    24 |     5 ||    29
         Plasma Beam       |       |       |       |       |    24 |     3 ||    27
         Lee's Rapid Decon |       |       |       |       |     5 |       ||     5
 Invoke: Channel Magic     |       |       |       |     8 |    27 |     3 ||    38
         Forget Spell      |       |       |       |       |     2 |       ||     2
  Evoke: Wand              |       |     1 |     8 |     1 |     7 |     1 ||    18
         Lightning rod     |       |       |       |       |     1 |     4 ||     5
    Use: Scroll            |       |    22 |     4 |    10 |     7 |       ||    43
         Potion            |       |     1 |     4 |     5 |       |     3 ||    13
   Stab: Distracted        |       |       |       |       |     2 |       ||     2
 Armour: Robe              |     9 |    14 |       |       |   111 |    24 ||   158
         Leather armour    |       |     1 |    36 |   133 |    27 |       ||   197
         Skin              |       |       |       |     6 |       |       ||     6
  Dodge: Dodged            |    10 |    29 |    57 |   471 |   384 |    38 ||   989
         Repelled          |       |       |     2 |     2 |       |       ||     4
